NYP
VANCOUVER CANADIANS @ LOWELL SPINNERS
06/28/2045
 
TOP OF THE 1ST
Vancouver Canadians batting - Pitching for Lowell Spinners : RHP Josh Graham
Pitching: RHP Josh Graham
Batting: RHB Lamberto Amicis 0-0: Swinging Strike
0-1: SINGLE (Flyball, 7LS, EV 84.4 MPH)
Batting: RHB Cesar Chavez 0-0: Called Strike
0-1: Ball
1-1: Foul Ball, location: 2F
1-2: Ball
2-2: Ball
3-2: SINGLE (Groundball, 6D, EV 95.0 MPH)
Lamberto Amicis to second
Batting: RHB Danny Loyola 0-0: Ball
1-0: Called Strike
1-1: Ground out 6-3 (Groundball, 6M, EV 98.1 MPH)
Lamberto Amicis to third
Cesar Chavez to second
Batting: RHB Javier Garcia 0-0: Ball
1-0: Ball
2-0: Foul Ball, location: 2F
2-1: Hit by Pitch
Batting: RHB Wade Diamond 0-0: Fielders Choice at 2nd, 6-4 (Groundball, 6, EV 79.4 MPH)
Lamberto Amicis scores
Cesar Chavez to third
Batting: SHB David Beauchamp 0-0: Ball
1-0: Foul Ball, location: 2F
1-1: Called Strike
1-2: Strikes out swinging
Top of the 1st over - 1 run, 2 hits, 0 errors, 2 left on base; Vancouver 1 - Lowell 0
BOTTOM OF THE 1ST
Lowell Spinners batting - Pitching for Vancouver Canadians : RHP Gilbert Weeks
Pitching: RHP Gilbert Weeks
Batting: LHB Stanislav Parusov 0-0: Ball
1-0: Foul Ball, location: 2F
1-1: Ball
2-1: Ball
3-1: Fly out, F8 (Flyball, 8LD, EV 101.9 MPH)
Batting: RHB Matt Hinkle 0-0: Foul Ball, location: 2F
0-1: Ball
1-1: Foul Ball, location: 2F
1-2: Ball
2-2: Ball
3-2: Strikes out swinging
Batting: LHB Nelis Geurts 0-0: Ball
1-0: Called Strike
1-1: Ball
2-1: SOLO HOME RUN (Flyball, 9LD, EV 91.9 MPH), Distance : 351 ft
Batting: RHB Frank Sokolosky 0-0: Called Strike
0-1: Ball
1-1: Swinging Strike
1-2: Foul Ball, location: 2F
1-2: Ball
2-2: Fly out, F4 (Line Drive, 4, EV 72.5 MPH)
Bottom of the 1st over - 1 run, 1 hit, 0 errors, 0 left on base; Vancouver 1 - Lowell 1
TOP OF THE 2ND
Vancouver Canadians batting - Pitching for Lowell Spinners : RHP Josh Graham
Batting: RHB Dan Hilyer 0-0: Called Strike
0-1: Fly out, F9 (Flyball, 9D, EV 105.0 MPH)
Batting: RHB Javier Ochoa 0-0: Ball
1-0: Swinging Strike
1-1: Ball
2-1: Swinging Strike
2-2: Strikes out swinging
Batting: LHB Julio Canseco 0-0: Ball
1-0: Called Strike
1-1: Ground out 5-3 (Groundball, 56S, EV 68.8 MPH)
Top of the 2nd over - 0 runs, 0 hits, 0 errors, 0 left on base; Vancouver 1 - Lowell 1
BOTTOM OF THE 2ND
Lowell Spinners batting - Pitching for Vancouver Canadians : RHP Gilbert Weeks
Batting: LHB Danny Montoya 0-0: Ball
1-0: Called Strike
1-1: Ball
2-1: Ball
3-1: TRIPLE (Flyball, 78XD, EV 94.4 MPH)
Batting: RHB William Lung 0-0: Ball
1-0: Foul Ball, location: 2F
1-1: Swinging Strike
1-2: Strikes out swinging
Batting: RHB Billy Ratz 0-0: Called Strike
0-1: Fly out, F8 (Flyball, 8RM, EV 95.0 MPH)
Batting: RHB Bobby Schimke 0-0: Foul Ball, location: 2F
0-1: Ball
1-1: Ball
2-1: Ball
3-1: SINGLE (Line Drive, 9LS, EV 105.0 MPH)
Danny Montoya scores
Batting: RHB Mike Strey 0-0: Ball
1-0: Called Strike
1-1: Foul Ball, location: 2F
1-2: Fielders Choice at 2nd, 6-4 (Groundball, 6D, EV 94.4 MPH)
Bottom of the 2nd over - 1 run, 2 hits, 0 errors, 1 left on base; Vancouver 1 - Lowell 2
TOP OF THE 3RD
Vancouver Canadians batting - Pitching for Lowell Spinners : RHP Josh Graham
Batting: RHB Lamberto Amicis 0-0: Swinging Strike
0-1: Ball
1-1: Ground out 6-3 (Groundball, 6, EV 98.1 MPH)
Batting: RHB Cesar Chavez 0-0: Ball
1-0: SINGLE (Line Drive, 78S, EV 88.8 MPH)
Batting: RHB Danny Loyola 0-0: Called Strike
0-1: Fly out, F4 (Popup, 4D, EV 55.6 MPH)
Batting: RHB Javier Garcia 0-0: Ball
1-0: Ball
2-0: Ball
3-0: Called Strike
3-1: Foul Ball, location: 2F
3-2: Ground out U3 (Groundball, 3, EV 108.1 MPH)
Top of the 3rd over - 0 runs, 1 hit, 0 errors, 1 left on base; Vancouver 1 - Lowell 2
BOTTOM OF THE 3RD
Lowell Spinners batting - Pitching for Vancouver Canadians : RHP Gilbert Weeks
Batting: LHB Stanislav Parusov 0-0: Ball
1-0: Called Strike
1-1: Ball
2-1: Foul Ball, location: 2F
2-2: Foul Ball, location: 2F
2-2: Ball
3-2: Strikes out swinging
Batting: RHB Matt Hinkle 0-0: Ground out 6-3 (Groundball, 6, EV 75.6 MPH)
Batting: LHB Nelis Geurts 0-0: Ball
1-0: Called Strike
1-1: Swinging Strike
1-2: Foul Ball, location: 2F
1-2: Strikes out swinging
Bottom of the 3rd over - 0 runs, 0 hits, 0 errors, 0 left on base; Vancouver 1 - Lowell 2
TOP OF THE 4TH
Vancouver Canadians batting - Pitching for Lowell Spinners : RHP Josh Graham
Batting: RHB Wade Diamond 0-0: Called Strike
0-1: Ball
1-1: Ball
2-1: SINGLE (Line Drive, 9S, EV 113.8 MPH)
Batting: SHB David Beauchamp 0-0: Ball
1-0: Foul Ball, location: 2F
1-1: Ball
2-1: Called Strike
Wade Diamond is caught stealing 2nd base 2-6
2-2: Ground out U3 (Groundball, 3L, EV 85.6 MPH)
Batting: RHB Dan Hilyer 0-0: Ball
1-0: Foul Ball, location: 2F
1-1: Called Strike
1-2: Foul Ball, location: 2F
1-2: SINGLE (Line Drive, 56, EV 95.0 MPH)
Batting: RHB Javier Ochoa 0-0: Ball
Dan Hilyer steals 2nd base
1-0: Ball
2-0: Ball
3-0: Base on Balls
Batting: LHB Julio Canseco 0-0: Called Strike
0-1: Ground out 1-3 (Groundball, 15S, EV 72.5 MPH)
Top of the 4th over - 0 runs, 2 hits, 0 errors, 2 left on base; Vancouver 1 - Lowell 2
BOTTOM OF THE 4TH
Lowell Spinners batting - Pitching for Vancouver Canadians : RHP Gilbert Weeks
Batting: RHB Frank Sokolosky 0-0: Ball
1-0: Called Strike
1-1: Ball
2-1: Swinging Strike
2-2: Ball
3-2: Base on Balls
Batting: LHB Danny Montoya 0-0: Called Strike
Frank Sokolosky steals 2nd base
0-1: Ground out 6-3 (Groundball, 4M, EV 86.2 MPH)
Frank Sokolosky to third
Batting: RHB William Lung 0-0: Ground out 6-3 (Groundball, P, EV 79.4 MPH)
Frank Sokolosky scores
Batting: RHB Billy Ratz 0-0: Ball
1-0: Ball
2-0: Called Strike
2-1: Foul Ball, location: 2F
2-2: Ball
3-2: SINGLE (Groundball, 34D, EV 102.5 MPH)
Batting: RHB Bobby Schimke 0-0: Ball
1-0: Called Strike
1-1: Called Strike
1-2: Ball
2-2: Ground out 4-3 (Groundball, 4, EV 86.9 MPH)
Bottom of the 4th over - 1 run, 1 hit, 0 errors, 1 left on base; Vancouver 1 - Lowell 3
TOP OF THE 5TH
Vancouver Canadians batting - Pitching for Lowell Spinners : RHP Josh Graham
Batting: RHB Lamberto Amicis 0-0: Called Strike
0-1: Ball
1-1: Ball
2-1: Foul Ball, location: 2F
2-2: SINGLE (Groundball, 56S, EV 66.9 MPH) (infield hit)
Batting: RHB Cesar Chavez 0-0: Ball
Lamberto Amicis steals 2nd base
1-0: Swinging Strike
1-1: Called Strike
1-2: Ball
2-2: Foul Ball, location: 2F
2-2: Ball
3-2: 2-RUN HOME RUN (Flyball, 7D, EV 99.4 MPH), Distance : 383 ft
Batting: RHB Danny Loyola 0-0: Called Strike
0-1: Called Strike
0-2: Ball
1-2: Ball
2-2: Foul Ball, location: 2F
2-2: Ball
3-2: Reached via error on a dropped throw from C, E3 (Groundball, 2L, EV 61.9 MPH)
Batting: RHB Javier Garcia 0-0: Swinging Strike
0-1: Ball
1-1: Called Strike
1-2: Ball
Wild Pitch!
Danny Loyola to second
2-2: Strikes out swinging
Batting: RHB Wade Diamond 0-0: Swinging Strike
0-1: Fly out, F9 (Flyball, 9LM, EV 97.5 MPH)
Runner from 2nd tags up, SAFE at 3rd, no throw by RF
Batting: SHB David Beauchamp 0-0: SINGLE (Line Drive, 8LS, EV 107.5 MPH)
Danny Loyola scores
Batting: RHB Dan Hilyer 0-0: Called Strike
David Beauchamp steals 2nd base
0-1: Ball
1-1: Foul Ball, location: 2F
1-2: Ground out 5-3 (Groundball, 56, EV 101.9 MPH)
Top of the 5th over - 3 runs, 3 hits, 1 error, 1 left on base; Vancouver 4 - Lowell 3
BOTTOM OF THE 5TH
Lowell Spinners batting - Pitching for Vancouver Canadians : RHP Gilbert Weeks
Batting: RHB Mike Strey 0-0: Ball
1-0: Ball
2-0: Called Strike
2-1: Foul Ball, location: 2F
2-2: Foul Ball, location: 2F
2-2: Foul Ball, location: 2F
2-2: Strikes out swinging
Batting: LHB Stanislav Parusov 0-0: Ball
1-0: Foul Ball, location: 2F
1-1: Swinging Strike
1-2: Strikes out looking
Batting: RHB Matt Hinkle 0-0: Ball
1-0: Ball
2-0: Called Strike
2-1: Ball
3-1: DOUBLE (Line Drive, 7LS, EV 105.6 MPH)
Batting: LHB Nelis Geurts 0-0: Foul Ball, location: 2F
0-1: Fly out, F9 (Flyball, 89S, EV 91.2 MPH)
Bottom of the 5th over - 0 runs, 1 hit, 0 errors, 1 left on base; Vancouver 4 - Lowell 3
TOP OF THE 6TH
Vancouver Canadians batting - Pitching for Lowell Spinners : RHP Josh Graham
Batting: RHB Javier Ochoa 0-0: Foul Ball, location: 2F
0-1: Ball
1-1: Swinging Strike
1-2: Hit by Pitch
Batting: LHB Julio Canseco 0-0: Called Strike
0-1: Foul Ball, location: 2F
0-2: Fielders Choice at 2nd, 4-6 (Groundball, 4, EV 78.8 MPH)
Pitching: RHP Michel van Kampen
Batting: RHB Lamberto Amicis 0-0: Ball
Julio Canseco steals 2nd base
1-0: Called Strike
Julio Canseco steals 3rd base
1-1: Swinging Strike
1-2: Ball
2-2: Ground out 6-3 (Groundball, 56, EV 84.4 MPH)
Batting: RHB Cesar Chavez 0-0: Called Strike
0-1: Ball
1-1: Swinging Strike
1-2: Foul Ball, location: 2F
1-2: Ball
Wild Pitch!
Julio Canseco scores
2-2: Strikes out looking
Top of the 6th over - 1 run, 0 hits, 0 errors, 0 left on base; Vancouver 5 - Lowell 3
BOTTOM OF THE 6TH
Lowell Spinners batting - Pitching for Vancouver Canadians : RHP Gilbert Weeks
Batting: RHB Frank Sokolosky 0-0: DOUBLE (Line Drive, 89XD, EV 110.6 MPH)
Batting: LHB Danny Montoya 0-0: Ball
Wild Pitch!
Frank Sokolosky to third
1-0: Ball
2-0: Ball
3-0: Foul Ball, location: 2F
3-1: Swinging Strike
3-2: Strikes out swinging
Batting: RHB William Lung 0-0: Ball
1-0: Called Strike
1-1: Ball
2-1: Ball
3-1: Swinging Strike
3-2: Foul Ball, location: 2F
3-2: TRIPLE (Line Drive, 78XD, EV 103.1 MPH)
Frank Sokolosky scores
Batting: RHB Billy Ratz 0-0: Ball
1-0: Ground out 4-3 (Groundball, 4, EV 79.4 MPH)
Pitching: RHP Mike Amos
Batting: RHB Bobby Schimke 0-0: Foul Ball, location: 2F
0-1: Foul Ball, location: 2F
0-2: Ball
1-2: Fly out, F7 (Flyball, 7, EV 95.0 MPH)
Bottom of the 6th over - 1 run, 2 hits, 0 errors, 1 left on base; Vancouver 5 - Lowell 4
TOP OF THE 7TH
Vancouver Canadians batting - Pitching for Lowell Spinners : RHP Michel van Kampen
Batting: LHB Cedric Saunders 0-0: Foul Ball, location: 2F
0-1: Ball
1-1: Ball
2-1: Fly out, F9 (Flyball, 9LD, EV 100.0 MPH)
Batting: RHB Javier Garcia 0-0: Ball
1-0: Fly out, F8 (Flyball, 8LXD, EV 82.5 MPH)
Batting: RHB Wade Diamond 0-0: Ball
1-0: Ball
2-0: Foul Ball, location: 2F
2-1: Swinging Strike
2-2: Ball
3-2: Strikes out looking
Top of the 7th over - 0 runs, 0 hits, 0 errors, 0 left on base; Vancouver 5 - Lowell 4
BOTTOM OF THE 7TH
Lowell Spinners batting - Pitching for Vancouver Canadians : RHP Mike Amos
Batting: RHB Mike Strey 0-0: Called Strike
0-1: Ball
1-1: Ball
2-1: Foul Ball, location: 2F
2-2: Strikes out swinging
Batting: LHB Stanislav Parusov 0-0: Ball
1-0: Ball
2-0: Swinging Strike
2-1: Foul Ball, location: 2F
2-2: Ball
3-2: Base on Balls
Batting: RHB Matt Hinkle 0-0: Ball
Stanislav Parusov is caught stealing 2nd base 2-4
1-0: Called Strike
1-1: Foul Ball, location: 2F
1-2: Fly out, F7 (Flyball, 7D, EV 87.5 MPH)
Bottom of the 7th over - 0 runs, 0 hits, 0 errors, 0 left on base; Vancouver 5 - Lowell 4
TOP OF THE 8TH
Vancouver Canadians batting - Pitching for Lowell Spinners : RHP Michel van Kampen
Batting: SHB David Beauchamp 0-0: Ball
1-0: Ground out 6-3 (Groundball, 6, EV 78.8 MPH)
Batting: RHB Dan Hilyer 0-0: Swinging Strike
0-1: Foul Ball, location: 2F
0-2: Fly out, F3 (Flyball, 3D, EV 76.9 MPH)
Batting: RHB Javier Ochoa 0-0: Ball
1-0: Called Strike
1-1: SOLO HOME RUN (Flyball, 78XD, EV 99.4 MPH), Distance : 399 ft
Batting: LHB Julio Canseco 0-0: Called Strike
0-1: Foul Ball, location: 2F
0-2: Ground out U3 (Groundball, 3, EV 83.8 MPH)
Top of the 8th over - 1 run, 1 hit, 0 errors, 0 left on base; Vancouver 6 - Lowell 4
BOTTOM OF THE 8TH
Lowell Spinners batting - Pitching for Vancouver Canadians : RHP Mike Amos
Pitching: LHP John Joaquin
Batting: LHB Nelis Geurts 0-0: Foul Ball, location: 2F
0-1: Ball
1-1: Ball
2-1: SINGLE (Groundball, 56S, EV 66.2 MPH) (infield hit)
Pitching: RHP Ashton Klinger
Pinch Hitting: LHB Eddie Contreras 0-0: Ball
1-0: Ball
2-0: Called Strike
2-1: Swinging Strike
2-2: Ball
3-2: Strikes out swinging
Nelis Geurts steals 2nd base
Batter strikes out.
Pitching: LHP Dave Schmidt
Pinch Hitting: RHB Curt Stallings 0-0: Called Strike
0-1: Ball
1-1: Swinging Strike
1-2: Strikes out swinging
Pitching: RHP Bobby Leija
Batting: RHB William Lung 0-0: Ball
1-0: Ball
2-0: Ball
3-0: Called Strike
3-1: Foul Ball, location: 2F
3-2: Ground out 6-3 (Groundball, 4MD, EV 84.4 MPH)
Bottom of the 8th over - 0 runs, 1 hit, 0 errors, 1 left on base; Vancouver 6 - Lowell 4
TOP OF THE 9TH
Vancouver Canadians batting - Pitching for Lowell Spinners : RHP Michel van Kampen
Pitching: RHP Joseph Anderson
Now at 1B: Curt Stallings
Now at SS: Jose Conde
Pinch Hitting: LHB Curt Maxwell 0-0: Foul Ball, location: 2F
0-1: Called Strike
0-2: Fly out, F6 (Line Drive, 6, EV 65.0 MPH)
Batting: RHB Cesar Chavez 0-0: Ball
1-0: Called Strike
1-1: Ground out 6-3 (Groundball, 6, EV 90.6 MPH)
Batting: LHB Cedric Saunders 0-0: Ball
1-0: Ball
2-0: Swinging Strike
2-1: Foul Ball, location: 2F
2-2: Ball
3-2: SINGLE (Flyball, 4D, EV 97.5 MPH)
Batting: RHB Javier Garcia 0-0: Ball
Cedric Saunders steals 2nd base
1-0: Ground out 4-3 (Groundball, 4, EV 111.2 MPH)
Top of the 9th over - 0 runs, 1 hit, 0 errors, 1 left on base; Vancouver 6 - Lowell 4
BOTTOM OF THE 9TH
Lowell Spinners batting - Pitching for Vancouver Canadians : RHP Bobby Leija
Pitching: RHP Aaron Linkous
Now at SS: Alex Vazquez
Batting: RHB Billy Ratz 0-0: Ball
1-0: Foul Ball, location: 2F
1-1: Ball
2-1: Ball
3-1: Foul Ball, location: 2F
3-2: Fly out, F1 (Line Drive, P, EV 64.4 MPH)
Batting: RHB Bobby Schimke 0-0: Foul Ball, location: 2F
0-1: Foul Ball, location: 2F
0-2: Strikes out looking
Pinch Hitting: SHB Eric Evans 0-0: Called Strike
0-1: Swinging Strike
0-2: Ball
1-2: Ball
2-2: Strikes out swinging
Bottom of the 9th over - 0 runs, 0 hits, 0 errors, 0 left on base; Vancouver 6 - Lowell 4
Wednesday, June 22nd , 2022 - OOTP Baseball 23.4 Build 64